 Dungeon Crawl Stone Soup version 0.26-a0-652-gafc20e3620 (webtiles) character file.

Game seed: 6229578402290311942

263 Pooter the Chucker (level 5, -1/50 HPs)
             Began as a Troll Hunter on Oct 3, 2020.
             Slain by a killer bee (10 damage)
             ... on level 3 of the Dungeon.
             The game lasted 00:27:20 (2577 turns).

Pooter the Chucker (Troll Hunter)                   Turns: 2577, Time: 00:27:20

Health: -1/50      AC:  6    Str: 21    XL:     5   Next: 98%
Magic:  4/4        EV:  9    Int:  7    God:
Gold:   93         SH:  0    Dex: 10    Spells: 4/4 levels left

rFire    . . .     SeeInvis .   (no weapon)
rCold    . . .     Faith    .   (no shield)
rNeg     . . .     Spirit   .   b - +0 robe
rPois    .         Reflect  .   (helmet restricted)
rElec    .         Harm     .   (no cloak)
rCorr    .         Rampage  .   (gloves unavailable)
MR       .....                  (boots unavailable)
Stlth    +.........             (no amulet)
HPRegen  0.56/turn              (no ring)
MPRegen  0.09/turn              (no ring)

@: lethally poisoned (-1 -> -9), very heavily drained
A: large, unfitting armour, claws 3, regeneration 1, shaggy fur 1, tough skin 3
a: no special abilities


You were on level 3 of the Dungeon.
You visited 1 branch of the dungeon, and saw 3 of its levels.

You collected 93 gold pieces.

Inventory:

Hand Weapons
 a - a +0 short sword
 g - a +0 hunting sling
 r - a +1 falchion of protection
Missiles
 c - 3 large rocks (quivered) {!d!d}
 d - a throwing net {=f, !d=f}
 f - 117 stones
 h - 25 bolts
 m - a throwing net {=f}
 q - 11 sling bullets
 w - 2 curare-tipped darts
 Q - 40 arrows
Armour
 b - a +0 robe (worn)
Scrolls
 j - 2 scrolls of magic mapping {!r}
 l - 2 scrolls of remove curse {unknown}
 o - 2 scrolls of teleportation {unknown}
 t - a scroll of fog {unknown}
 u - a scroll of enchant weapon {unknown}
Potions
 e - 2 potions of degeneration {unknown}
 i - a potion of magic {unknown}
 k - 3 potions of curing {unknown}
 n - a potion of might {unknown}
 p - a potion of mutation {unknown}
 s - a potion of ambrosia {unknown}
 v - a potion of resistance {unknown}


   Skills:
 + Level 2.4(0.0) Fighting
 + Level 4.2(0.1) Throwing
 + Level 2.5(0.0) Dodging
 + Level 1.3(0.0) Stealth
 * Level 3.3(0.0) Unarmed Combat


You had 4 spell levels left.
You didn't know any spells.
Your spell library was empty.

Dungeon Overview and Level Annotations

Branches:
Dungeon (3/15)

Altars:
Cheibriados
Dithmenos
Hepliaklqana
Nemelex Xobeh


Innate Abilities, Weirdness & Mutations

You are too large for most types of armour.
You have claws for hands.
Your natural rate of healing is unusually fast.
You are covered in fur. (AC +1)
You have extremely tough skin. (AC +3)


Message History

The killer bee stings you but does no damage.
The killer bee stings you!
* * * LOW HITPOINT WARNING * * *
You take 10 damage, and have 17/50 hp.
You closely miss the killer bee.
You feel sick. The killer bee barely misses you. The killer bee misses you.
You take 1 damage, and have 16/50 hp.
You miss the killer bee.
You feel sick. The killer bee stings you.
* * * LOW HITPOINT WARNING * * *
The killer bee misses you.
You take 6 damage, and have 10/50 hp.
You claw the killer bee!
You kill the killer bee!
* * * LOW HITPOINT WARNING * * *
You feel sick.
The killer bee stings you but does no damage.
You take 1 damage, and have 9/50 hp.
You closely miss the killer bee.
You feel sick. The killer bee barely misses you. The killer bee stings you!
You die...

######### #....!..#
#.......####################
#.......#(y@..).............
#.##.##.#.##################
##..# ## #.... #(>..)....
#.... #..#.##... #....
#....# #.... #(.#### #####
#.(...# #... #..##.# #..#

Skill      XL: |  1  2  3  4  5 |
---------------+----------------+-----
Unarmed Combat | 1 2 3 |  3.3
Dodging        | 2 |  2.5
Fighting       | 2 |  2.4
Stealth        | 1 |  1.3
Throwing       | 4 |  4.2

Notes
Turn   | Place    | Note
-------+----------+-------------------------------------------
     0 | D:1      | Pooter the Troll Hunter began the quest for the Orb.
     0 | D:1      | Reached XP level 1. HP: 19/19 MP: 0/0
   107 | D:1      | Reached XP level 2. HP: 28/28 MP: 1/1
   165 | D:1      | Reached skill level 1 in Unarmed Combat
   428 | D:1      | Reached XP level 3. HP: 35/35 MP: 2/2
   468 | D:1      | Reached skill level 2 in Dodging
   849 | D:2      | Found a hazy altar of Hepliaklqana.
  1127 | D:2      | Found a snail-covered altar of Cheibriados.
  1248 | D:2      | Found a sparkling altar of Nemelex Xobeh.
  1319 | D:2      | Reached skill level 2 in Fighting
  1319 | D:2      | Reached skill level 2 in Unarmed Combat
  1319 | D:2      | Reached XP level 4. HP: 39/42 MP: 3/3
  1541 | D:2      | Found a faded altar of an unknown god.
  1756 | D:3      | Reached skill level 1 in Stealth
  1831 | D:2      | Reached skill level 4 in Throwing
  1958 | D:3      | Reached XP level 5. HP: 48/49 MP: 4/4
  2330 | D:3      | Reached skill level 3 in Unarmed Combat
  2506 | D:3      | Found a shadowy altar of Dithmenos.
  2575 | D:3      | HP: 10/50 [killer bee (4)]
  2577 | D:3      | Slain by a killer bee

Table legend: (Time is in decaauts)
 A = Elapsed time spent in this place.
 B = Non-inter-level travel time spent in this place.
 C = Inter-level travel time spent in this place.
 D = Time resting spent in this place.
 E = Time spent auto-exploring this place.
 F = Levels seen in this place.
 G = Mean time per level.
                   A        B        C        D        E       F      G
               +--------+--------+--------+--------+--------+-----+--------+
         Total |   2577 |   2485 |     92 |    308 |   1140 |   3 |  859.0 |
       Dungeon |   2577 |   2485 |     92 |    308 |   1140 |   3 |  859.0 |
               +--------+--------+--------+--------+--------+-----+--------+

Top non-repeatable levels by time:
     D:2: 956 daAuts
     D:3: 836 daAuts
     D:1: 784 daAuts

Table legend:
 A = Kills in this place as a percentage of kills in entire the game.
 B = Kills by you in this place as a percentage of kills by you in the entire game.
 C = Kills by friends in this place as a percentage of kills by friends in the entire game.
 D = Other kills in this place as a percentage of other kills in the entire game.
 E = Experience gained in this place as a percentage of experience gained in the entire game.
 F = Experience gained in this place divided by the number of levels of this place that you have seen.
                   A       B       C       D       E      F
               +-------+-------+-------+-------+-------+----------------------
         Total | 100.0 | 100.0 |   N/A |   N/A | 100.0 | 125.7
       Dungeon | 100.0 | 100.0 |   N/A |   N/A | 100.0 | 125.7
               +-------+-------+-------+-------+-------+----------------------

Action                   |  1- 3 |  4- 6 || total
-------------------------+-------+-------++-------
Melee: Unarmed           |    37 |    79 ||   116
       Short sword       |     4 |       ||     4
       Falchion          |       |     3 ||     3
 Fire: Hunting sling     |    81 |    40 ||   121
Throw: Throwing net      |     1 |     1 ||     2
       Large rock        |       |     6 ||     6
       Stone             |       |     1 ||     1
  Use: Scroll            |       |     4 ||     4
 Stab: Sleeping          |       |     1 ||     1
Armor: Robe              |    22 |    36 ||    58
Dodge: Dodged            |    21 |    50 ||    71

Vanquished Creatures
  2 killer bees (D:3)
  An orc priest (D:2)
  An orc wizard (D:3)
  2 adders (D:2)
  3 oozes
  2 worms
  A dart slug (D:1)
  3 orcs (D:3)
  6 giant cockroaches
  8 goblins
  11 hobgoblins
  4 jackals
  9 bats
  7 frilled lizards
  9 kobolds
  8 rats
77 creatures vanquished. You could see a killer bee.

Levels and vault maps discovered:
D:1:      minmay_arrival_arboretum_small, layout_loops_ring
D:2:      layout_loops_cross, nemelex_xobeh_ov_fountains_minmay,
          lemuel_doored_altar, nicolae_overflow_crystal_walls,
          chequers_ecumenical_altar_lobes, hangedman_feature_mirror
D:3:      minmay_evil_eye, layout_basic, lemuel_coloured_pillars_altar,
          marbit_many_paths, minmay_pentangle
